 Dungeon Crawl Stone Soup version bcrawl-1.19.2-6-g6a88ae04c9 (webtiles) character file.

Game seed: 5407497025350413302

525 Mrkan the Shield-Bearer (level 7, -3/60 HPs)
             Began as a Gnoll Fighter on Dec 21, 2019.
             Killed from afar by Dowan (9 damage)
             ... with a shard of ice
             ... on level 4 of the Dungeon.
             The game lasted 00:03:28 (3151 turns).

Mrkan the Shield-Bearer (Gnoll Fighter)             Turns: 3151, Time: 00:03:29

Health: -3/60      AC:  7    Str: 21    XL:     7   Next: 22%
Magic:  10/10      EV:  9    Int: 10    God:
Gold:   180        SH: 11    Dex: 14    Spells: 10/10 levels left

rFire    . . .     SeeInvis .   i - +0 spear (pierce)
rCold    . . .     Gourm    .   c - +0 shield
rNeg     . . .     Faith    .   b - +0 scale mail
rPois    .         Spirit   .   (no helmet)
rElec    .         Reflect  .   (no cloak)
rCorr    .         Harm     .   (no gloves)
MR       .....                  (no boots)
Stlth    +.........             (no amulet)
HPRegen  0.20/turn              (no ring)
MPRegen  0.12/turn              (no ring)

@: no status effects
A: distributed training, fangs 1, strong nose
a: no special abilities


You were on level 4 of the Dungeon.
You were not hungry.

You visited 1 branch of the dungeon, and saw 4 of its levels.

You collected 180 gold pieces.

Inventory:

Hand Weapons
 i - a +0 spear of piercing (weapon)
 s - a +6 hunting sling
Missiles
 t - 154 sling bullets
Armour
 b - a +0 scale mail (worn)
 c - a +0 shield (worn)
 v - the +5 ring mail of the Gravedigger {rF+ MR+ Dex+2, unknown}
   (You found it on level 4 of the Dungeon)

   It affects your dexterity (+2).
   It protects you from fire.
   It affects your resistance to hostile enchantments.
Jewellery
 a - a cursed ring of attention {unknown}
 m - an uncursed ring of see invisible {unknown}
Wands
 r - a wand of polymorph (14)
Scrolls
 g - a scroll of blinking {unknown}
 h - a scroll of identify {unknown}
 k - a scroll of enchant armour {unknown}
 o - a scroll of enchant weapon {unknown}
 p - a scroll of amnesia {unknown}
 q - 2 scrolls of teleportation {unknown}
Potions
 d - a potion of might
 e - a potion of cancellation {unknown}
 j - a potion of magic {unknown}
 l - 2 potions of curing {unknown}
 n - a potion of heal wounds {unknown}
 u - a potion of brilliance {unknown}
Comestibles
 f - 4 rations {!d}
 w - a chunk of flesh


   Skills:
 + Level 7.0 Fighting
 + Level 2.3 Short Blades
 + Level 2.3 Long Blades
 + Level 2.3 Axes
 + Level 2.3 Maces & Flails
 + Level 5.1 Polearms
 + Level 2.3 Staves
 + Level 2.3 Slings
 + Level 2.3 Bows
 + Level 2.3 Crossbows
 + Level 2.3 Throwing
 + Level 7.0 Armour
 + Level 2.3 Dodging
 + Level 2.3 Stealth
 + Level 7.0 Shields
 + Level 2.3 Unarmed Combat
 + Level 2.3 Spellcasting
 + Level 1.8 Conjurations
 + Level 1.8 Hexes
 + Level 1.8 Charms
 + Level 1.8 Summonings
 + Level 1.8 Necromancy
 + Level 1.8 Translocations
 + Level 1.8 Transmutations
 + Level 1.8 Fire Magic
 + Level 1.8 Ice Magic
 + Level 1.8 Air Magic
 + Level 1.8 Earth Magic
 + Level 1.8 Poison Magic
 + Level 2.5 Invocations
 + Level 2.3 Evocations


You had 10 spell levels left.
You didn't know any spells.
Your spell library was empty.

Dungeon Overview and Level Annotations

Branches:
Dungeon (4/12)
 Temple: D:4-7

Altars:
Fedhas
Qazlal
Wu Jian

Annotations:
D:4 Dowan


Innate Abilities, Weirdness & Mutations

Your experience applies equally to all skills.
You have very sharp teeth.
Your uncanny sense of smell can sniff out nearby items.


Message History

The jackal bites you but does no damage.
You block Dowan's attack.
You hit Dowan.
Dowan is moderately wounded.
You block the jackal's attack. Dowan hits you with a +0 dagger.
* * * LOW HITPOINT WARNING * * *
You hit Dowan.
Dowan is heavily wounded.
The jackal bites you.
* * * LOW HITPOINT WARNING * * *
You block Dowan's attack. The jackal closely misses you.
You hit Dowan.
Dowan is heavily wounded.
Dowan hits you but does no damage.
The jackal bites you but does no damage.
You closely miss Dowan.
Dowan is heavily wounded.
Dowan gestures at you while chanting. The shard of ice hits you!
You die...

### #.......... ..#
#.########. #.# #.# #.
#.# #.# ## ##.######.##
..........# #.######..#
#e# #..# #@# ####..#
####h# #.....#
#...l###.###.#
###e##.#...†.#.#
....e.........#.# ######
....#.......#.#.# #.....
#......#......#.# #.....
5..#.....#....#.. +.....
#....#....#...#####.....


You could see Dowan, a leopard gecko and a jackal.

Vanquished Creatures
  Grinder (D:3)
  Duvessa (D:4)
  A scorpion (D:4)
  A crimson imp (D:4)
  Ijyb (D:3)
  4 gnolls
  2 adders (D:3)
  2 worms (D:1)
  4 dart slugs
  A leopard gecko (D:1)
  2 orcs (D:3)
  2 giant cockroaches
  6 goblins
  8 hobgoblins
  2 jackals (D:1)
  A quokka (D:1)
  3 bats
  10 frilled lizards (D:1)
  6 kobolds
  4 rats
62 creatures vanquished.

Notes
Turn   | Place    | Note
-------+----------+-------------------------------------------
     0 | D:1      | Mrkan the Gnoll Fighter began the quest for the Orb.
     0 | D:1      | Reached XP level 1. HP: 23/23 MP: 1/1
    40 | D:1      | Reached XP level 2. HP: 25/29 MP: 2/2
   566 | D:1      | Reached XP level 3. HP: 34/35 MP: 3/3
   735 | D:1      | Reached skill level 1 in Invocations
  1233 | D:1      | Reached skill level 1 in Short Blades
  1233 | D:1      | Reached skill level 1 in Long Blades
  1233 | D:1      | Reached skill level 1 in Axes
  1233 | D:1      | Reached skill level 1 in Maces & Flails
  1233 | D:1      | Reached skill level 1 in Staves
  1233 | D:1      | Reached skill level 1 in Slings
  1233 | D:1      | Reached skill level 1 in Bows
  1233 | D:1      | Reached skill level 1 in Crossbows
  1233 | D:1      | Reached skill level 1 in Throwing
  1233 | D:1      | Reached skill level 1 in Dodging
  1233 | D:1      | Reached skill level 1 in Stealth
  1233 | D:1      | Reached skill level 1 in Unarmed Combat
  1233 | D:1      | Reached skill level 1 in Spellcasting
  1233 | D:1      | Reached skill level 1 in Evocations
  1257 | D:2      | Reached XP level 4. HP: 33/41 MP: 5/5
  1550 | D:2      | Reached skill level 1 in Conjurations
  1550 | D:2      | Reached skill level 1 in Hexes
  1550 | D:2      | Reached skill level 1 in Charms
  1550 | D:2      | Reached skill level 1 in Summonings
  1550 | D:2      | Reached skill level 1 in Necromancy
  1550 | D:2      | Reached skill level 1 in Translocations
  1550 | D:2      | Reached skill level 1 in Transmutations
  1550 | D:2      | Reached skill level 1 in Fire Magic
  1550 | D:2      | Reached skill level 1 in Ice Magic
  1550 | D:2      | Reached skill level 1 in Air Magic
  1550 | D:2      | Reached skill level 1 in Earth Magic
  1550 | D:2      | Reached skill level 1 in Poison Magic
  1977 | D:3      | Noticed Ijyb
  1993 | D:3      | Killed Ijyb
  1993 | D:3      | Reached XP level 5. HP: 47/47 MP: 6/6
  2141 | D:3      | Noticed Grinder
  2171 | D:3      | Paralysed by Grinder for 2 turns
  2173 | D:3      | HP: 2/47 [Grinder (8)]
  2180 | D:3      | Killed Grinder
  2180 | D:3      | Reached skill level 5 in Polearms
  2180 | D:3      | Reached XP level 6. HP: 2/53 MP: 6/8
  2663 | D:3      | Found a stormy altar of Qazlal.
  2666 | D:3      | Found a blossoming altar of Fedhas.
  2996 | D:4      | Found an ornate altar of the Wu Jian Council.
  3016 | D:4      | Got an ichor-stained ring mail
  3115 | D:4      | Noticed Duvessa
  3116 | D:4      | Noticed Dowan
  3141 | D:4      | Killed Duvessa
  3141 | D:4      | Reached XP level 7. HP: 52/60 MP: 10/10
  3151 | D:4      | Killed from afar by Dowan

Skill      XL: |  1  2  3  4  5  6 |
---------------+-------------------+-----
Invocations    | 1 2 |  2.5
Short Blades   | 1 2 |  2.3
Long Blades    | 1 2 |  2.3
Axes           | 1 2 |  2.3
Maces & Flails | 1 2 |  2.3
Staves         | 1 2 |  2.3
Slings         | 1 2 |  2.3
Bows           | 1 2 |  2.3
Crossbows      | 1 2 |  2.3
Throwing       | 1 2 |  2.3
Dodging        | 1 2 |  2.3
Stealth        | 1 2 |  2.3
Unarmed Combat | 1 2 |  2.3
Spellcasting   | 1 2 |  2.3
Evocations     | 1 2 |  2.3
Conjurations   | 1 |  1.8
Hexes          | 1 |  1.8
Charms         | 1 |  1.8
Summonings     | 1 |  1.8
Necromancy     | 1 |  1.8
Translocations | 1 |  1.8
Transmutations | 1 |  1.8
Fire Magic     | 1 |  1.8
Ice Magic      | 1 |  1.8
Air Magic      | 1 |  1.8
Earth Magic    | 1 |  1.8
Poison Magic   | 1 |  1.8
Polearms       | 5 |  5.1
Fighting       | 7 |  7.0
Armour         | 7 |  7.0
Shields        | 7 |  7.0

Action                   |  1- 3 |  4- 6 |  7- 9 || total
-------------------------+-------+-------+-------++-------
Melee: Trident           |   118 |     9 |       ||   127
       Bite              |     7 |    15 |       ||    22
       Spear             |       |    92 |    10 ||   102
       Unarmed           |       |    12 |       ||    12
  Use: Potion            |       |     1 |       ||     1
  Eat: Chunk             |     1 |     3 |       ||     4
       Ration            |       |     1 |       ||     1
Armor: Scale mail        |    34 |    15 |     5 ||    54
Dodge: Dodged            |    27 |    23 |     2 ||    52
Block: Shield            |    49 |    50 |     8 ||   107
